 Dungeon Crawl Stone Soup version 0.17-a0-1637-g5d65775 (webtiles) character file.

898 LilCorpsy the Spear-Bearer (level 8, 0/61 HPs)
             Began as a Merfolk Gladiator on Aug 7, 2015.
             Was a Follower of Okawaru.
             Killed by nerve-wracking pain
             ... invoked by Grinder
              (7 damage)
             ... while paralysed by Grinder
             ... on level 5 of the Dungeon.
             The game lasted 00:14:22 (6210 turns).

LilCorpsy the Spear-Bearer (Merfolk Gladiator)      Turns: 6210, Time: 00:14:23

Health: 0/61       AC:  6    Str: 15    XL:     8   Next: 7%
Magic:  6/8        EV:  2    Int:  8    God:    Okawaru [*.....]
Gold:   167        SH:  0    Dex: 16    Spells: 0 memorised, 7 levels left

rFire  + . .     SeeInvis .     a - +0 trident
rCold  + + .     Clarity  .     b - +0 leather armour
rNeg   . . .     SustAt   .     (no shield)
rPois  +         Gourm    .     s - +0 helmet of the Desert {-Tele +Inv rC+}
rElec  +         Spirit   .     n - +0 cloak
rCorr  +         Warding  .     (no gloves)
rMut   .         NoTele   +     (no boots)
MR     .....                    (no amulet)
Stlth  +++.......               (no ring)
                                (no ring)

@: paralysed, resistant, heroism, not resistant to hostile enchantments, fairly
stealthy
A: change form in water, swift swim
a: Heroism, Renounce Religion, Evoke Invisibility


You were on level 5 of the Dungeon.
You worshipped Okawaru.
Okawaru was aware of your devotion.
You were hungry.

You visited 2 branches of the dungeon, and saw 6 of its levels.

You collected 167 gold pieces.

Inventory:

Hand weapons
 a - a +0 trident (weapon)
Armour
 b - a +0 leather armour (worn)
 n - a +0 cloak (worn)
 s - the +0 helmet of the Desert (worn) {-Tele +Inv rC+}
   (You found it on level 5 of the Dungeon)

   It protects you from cold.
   It lets you turn invisible.
   It prevents most forms of teleportation.
Magical devices
 l - a wand of draining (10)
 r - a wand of flame (24)
Scrolls
 f - 3 scrolls of enchant weapon
 g - 2 scrolls of identify
Potions
 c - a potion of invisibility
 h - 4 potions of resistance
 k - a potion of haste
 m - a potion of flight
 q - a potion of mutation
Books
 o - a book of Frost

   Spells                             Type                      Level
   a - Freeze                         Ice                          1
   b - Throw Frost                    Conjuration/Ice              2
   c - Ozocubu's Armour               Charms/Ice                   3
   d - Throw Icicle                   Conjuration/Ice              4
   e - Summon Ice Beast               Ice/Summoning                4
   f - Condensation Shield            Ice                          4
Comestibles
 e - a bread ration


   Skills:
 + Level 4.7(9.7) Fighting
 * Level 9.2(14.2) Polearms
 - Level 2.0(7.0) Throwing
 * Level 8.4(13.4) Dodging


You had 7 spell levels left.
You didn't know any spells.

Dungeon Overview and Level Annotations

Branches:
Dungeon (5/15)             Temple (1/1) D:4

Altars:
Ashenzari
Cheibriados
Elyvilon
Fedhas
Gozag
Kikubaaqudgha
Nemelex Xobeh
Okawaru
Trog
Vehumet
Xom
Yredelemnul
Zin
The Shining One

Shops:
D:5 }

Annotations:
D:5 Grinder


Message History

You hit Grinder but do no damage.
Grinder is heavily wounded.
You hit Grinder but do no damage.
Grinder is heavily wounded.
Grinder gestures at you.
You suddenly lose the ability to move!
Grinder hits you.
* * * LOW HITPOINT WARNING * * *
You writhe in agony.
* * * LOW HITPOINT WARNING * * *
Grinder hits you.
* * * LOW HITPOINT WARNING * * *
You writhe in agony.
* * * LOW HITPOINT WARNING * * *
Grinder hits you but does no damage.
Grinder gestures.
Grinder blinks!
Grinder gestures at you. Pain shoots through your body!
You die...

#.##....##........#
#.##.#.###........#
#......###.########
####.......#
####.#######
.##...######
.##..[.....# #####
........##.#####...###.#
......<....5....@.....(#
........##.#####...#####
.##...####.# #####
...........#
###.######## #.### #...#
###.# #.#


You could see Grinder.

Vanquished Creatures
  A sky beast (D:5)
  The ghost of ileska the Gusty, an average DEAE of Gozag (D:3)
  A vampire bat (D:4)
  A jelly (D:5)
  3 hounds
  An orc priest (D:4)
  2 iguanas
  4 orc wizards
  3 worker ants
  Robin (D:4)
  A shadow imp (D:5)
  13 adders
  2 worms (D:3)
  3 fire bats (D:4)
  3 giant geckos
  15 orcs
  2 spectral bats (D:4)
  3 bat skeletons (D:4)
  A bat zombie (D:4)
  11 giant cockroaches
  4 hobgoblins
  3 jackals (D:4)
  5 quokkas
  16 bats
  A bat simulacrum (D:4)
  8 giant newts
  15 goblins
  11 kobolds
  4 rats
139 creatures vanquished.

Vanquished Creatures (others)
  A plant (D:1)
1 creature vanquished.

Grand Total: 140 creatures vanquished

Notes
Turn   | Place    | Note
--------------------------------------------------------------
     0 | D:1      | LilCorpsy the Merfolk Gladiator began the quest for the Orb.
     0 | D:1      | Reached XP level 1. HP: 16/16 MP: 1/1
   167 | D:1      | Reached skill level 5 in Polearms
   178 | D:1      | Reached XP level 2. HP: 20/22 MP: 2/2
   468 | D:1      | Reached XP level 3. HP: 28/28 MP: 3/3
  1197 | D:2      | Reached skill level 5 in Dodging
  1197 | D:2      | Reached XP level 4. HP: 30/34 MP: 4/4
  2090 | D:3      | Reached skill level 6 in Polearms
  2150 | D:3      | Reached XP level 5. HP: 35/41 MP: 5/5
  2281 | D:3      | Found a faded altar to an unknown god.
  2297 | D:3      | Found a sparkling altar of Nemelex Xobeh.
  2321 | D:3      | Found a bloodstained altar of Trog.
  2322 | D:3      | Found an iron altar of Okawaru.
  2425 | D:3      | Became a worshipper of Warmaster Okawaru
  2477 | D:3      | Noticed ileska's ghost (average DEAE)
  2505 | D:3      | HP: 2/41 [ileska's ghost/zap (9)]
  2506 | D:3      | Killed ileska's ghost
  2506 | D:3      | Reached XP level 6. HP: 2/47 MP: 6/6
  3110 | D:3      | Found a glowing silver altar of Zin.
  3348 | D:4      | Reached skill level 7 in Polearms
  3607 | D:4      | Found a shattered altar of Ashenzari.
  3635 | D:4      | Noticed Robin
  3667 | D:4      | Killed Robin
  3990 | D:4      | Reached XP level 7. HP: 41/53 MP: 7/7
  4199 | D:4      | Reached skill level 8 in Polearms
  4539 | D:4      | Found a staircase to the Ecumenical Temple.
  4546 | Temple   | Entered the Ecumenical Temple
  4897 | D:5      | Entered Level 5 of the Dungeon
  5190 | D:5      | Acquired Okawaru's first power
  5349 | D:5      | Found a basalt altar of Yredelemnul.
  5493 | D:5      | Found an opulent altar of Gozag.
  5582 | D:5      | Found Tyestrugh's Gadget Shop.
  5604 | D:5      | Found a radiant altar of Vehumet.
  5692 | D:5      | Got a faintly humming helmet
  5704 | D:5      | Identified the cursed +0 helmet of the Desert {-Tele +Inv rC+} (You found it on level 5 of the Dungeon)
  5778 | D:5      | Reached skill level 9 in Polearms
  5779 | D:5      | Reached XP level 8. HP: 48/61 MP: 8/8
  6038 | D:5      | Found an ancient bone altar of Kikubaaqudgha.
  6177 | D:5      | Noticed Grinder
  6196 | D:5      | Paralysed by Grinder for 4 turns
  6204 | D:5      | Paralysed by Grinder for 6 turns
  6210 | D:5      | Killed from afar by Grinder

Vault maps used:
D:1:      minmay_arrival_up_and_down, lexackson_kobold_supper
D:2:      first_bread
D:3:      grunt_temple_overflow_open, lemuel_doored_altar, lemuel_round_altar,
          ecumenical_altar_2
D:4:      kennysheep_mini_moat, temple_green, goddamned_bats, uniq_robin
D:5:      vehumet_crystals, old_standard_altar, lemuel_coloured_pillars_altar,
          lemuel_round_altar, basic_altar, serial_shops, shop,
          serial_park_tiny_1, uniq_grinder
Temple:   nicolae_temple_hex_pool_5

Action                   |  1- 3 |  4- 6 |  7- 9 || total
-------------------------+-------+-------+-------++-------
Melee: Trident           |   130 |   284 |   241 ||   655
Throw: Throwing net      |       |     3 |     3 ||     6
Invok: Heroism           |       |       |     1 ||     1
  Use: Scroll            |       |     7 |     5 ||    12
       Potion            |       |     5 |     1 ||     6
 Stab: Sleeping          |     1 |     4 |     2 ||     7
       Distracted        |       |       |     3 ||     3
  Eat: Bread ration      |       |     1 |     1 ||     2
       Beef jerky        |       |     1 |       ||     1
       Meat ration       |       |     1 |       ||     1
       Royal jelly       |       |     1 |       ||     1
